 Dungeon Crawl Stone Soup version 0.25-a0-478-g33c61bdccf (webtiles) character file.

Game seed: 764580324183957498, levelgen mode: deterministic

5123 kae the Martial Artist (level 10, -4/71 HPs)
             Began as a Red Draconian Transmuter on Feb 8, 2020.
             Was a Priest of Wu Jian.
             Slain by a cyan ugly thing (17 damage)
             ... on level 7 of the Dungeon.
             The game lasted 00:16:57 (10628 turns).

kae the Martial Artist (Red Draconian Transmuter)  Turns: 10628, Time: 00:16:58

Health: -4/71      AC: 11    Str: 21    XL:     10   Next: 32%
Magic:  16/16      EV: 12    Int: 14    God:    Wu Jian [***...]
Gold:   459        SH:  0    Dex: 14    Spells: 11/17 levels left

rFire    + + .     SeeInvis .     - Unarmed
rCold    . . .     Gourm    .   (no shield)
rNeg     . . .     Faith    .   (armour unavailable)
rPois    .         Spirit   .   (helmet restricted)
rElec    .         Reflect  .   s - +0 cloak {+Inv}
rCorr    +         Harm     .   o - +2 pair of gloves of Virtue {rF+ rCorr Str+8 Stlth-}
MR       .....                  (no boots)
Stlth    ..........             (no amulet)
HPRegen  0.21/turn              p - ring of resist corrosion
MPRegen  0.15/turn              (no ring)

@: short of breath
A: breathe fire, unfitting armour, fire resistance 1, cold-blooded, AC +7
a: Breathe Fire, Wall Jump, Serpent's Lash, Renounce Religion, Evoke
Invisibility


You were on level 7 of the Dungeon.
You worshipped Wu Jian.
Wu Jian was most pleased with you.
You were hungry.

You visited 1 branch of the dungeon, and saw 7 of its levels.

You collected 459 gold pieces.

Inventory:

Missiles
 a - 88 arrows
Armour
 l - a scarf of spirit shield
 o - the +2 pair of gloves of Virtue (worn) {rF+ rCorr Str+8 Stlth-}
   (You found it on level 4 of the Dungeon)

   It affects your strength (+8).
   It protects you from fire.
   It provides partial protection from all sources of acid and corrosion.
   It makes you less stealthy.
   If you remove this armour, your AC will fall 3 points (11 -> 8)
 s - a +0 cloak of invisibility (worn)
Jewellery
 p - a ring of resist corrosion (left hand)
Wands
 k - a wand of digging (4)
Scrolls
 h - 4 scrolls of enchant weapon
 i - 2 scrolls of remove curse
 m - a scroll of identify
Potions
 b - a potion of invisibility
 d - a potion of haste
 f - a potion of resistance
 g - a potion of berserk rage
 j - 3 potions of ambrosia
 r - 5 potions of curing
 t - a potion of cancellation {unknown}
Comestibles
 c - 16 rations


   Skills:
 - Level 1.1 Fighting
 - Level 1.7 Dodging
 * Level 11.8 Unarmed Combat
 - Level 4.0 Spellcasting
 + Level 8.5 Transmutations
 - Level 4.0 Evocations


You had 11 spell levels left.
You knew the following spells:

 Your Spells              Type           Power        Failure   Level  Hunger
a - Beastly Appendage     Tmut           ####..       1%          1    None
b - Sticks to Snakes      Tmut           ####....     1%          2    ##.....
c - Spider Form           Tmut/Pois      ##........   10%         3    ###....

Your spell library contained the following spells:

 Spells                   Type           Power        Failure   Level  Hunger
 Blade Hands              Tmut           ####......   16%         5    ######.
 Ignite Poison            Fire/Tmut/Pois ##......     19%         3    ###....
 Sublimation of Blood     Necr           #.........   28%         2    ##.....
 Ice Form                 Ice/Tmut       ##......     32%         4    ####...
 Petrify                  Tmut/Erth      ##......     32%         4    ####...
 Alistair's Intoxication  Tmut/Pois      ##......     67%         5    ######.
 Irradiate                Conj/Tmut      ##........   67%         5    ######.
 Eringya's Noxious Bog    Tmut/Pois      ##........   99%         6    #######


Dungeon Overview and Level Annotations

Branches:
Dungeon (7/15)             Temple (0/1) D:7

Altars:
Ashenzari
Cheibriados
Gozag
Nemelex Xobeh
Qazlal
Sif Muna
Trog
Wu Jian


Innate Abilities, Weirdness & Mutations

You can breathe blasts of fire.
Your fiery red scales are hard. (AC +7)
You cannot fit into any form of body armour.
Your flesh is heat resistant. (rF+)
You are cold-blooded and may be slowed by cold attacks.


Message History

The cyan ugly thing is severely wounded.
You punch the cyan ugly thing!
The cyan ugly thing is almost dead.
The cyan ugly thing barely misses you.
The purple ugly thing is engulfed in blazing flames.
The purple ugly thing tail-slaps you but does no damage.
You hit the cyan ugly thing.
You tail-slap the cyan ugly thing, but do no damage.
The cyan ugly thing is almost dead.
The cyan ugly thing gores you. The cyan ugly thing shocks you!
The purple ugly thing is engulfed in blazing flames.
The purple ugly thing tail-slaps you!
* * * LOW HITPOINT WARNING * * *
You hit the cyan ugly thing but do no damage.
Your tail-slap misses the cyan ugly thing.
The cyan ugly thing is almost dead.
The cyan ugly thing gores you!
* * * LOW HITPOINT WARNING * * *
The cyan ugly thing shocks you!
You die...

#.###.############.###
#.u...# #.'..
###.#.####### #.#.#
#.#..uu.).# #.#..
#.#######.# #.##. #.#
#u# #..## ### #.#
##..# ###### #.#####
##.. #..@u####u....#
#.. #.☼u#..#..###.#
#.# #...###...# #.#
#.# ##### ##.## #.#
#.#
#############.####.#
#...................
#############.####.#
#.# #.# #.####.#


You could see 2 ugly things.

Vanquished Creatures
  Joseph (D:7)
  Maggie (D:7)
  The ghost of bmj180 the Conjurer, a novice DrCj (D:4)
  2 slime creatures (D:7)
  2 hippogriffs
  A hungry ghost (D:7)
  Menkaure (D:7)
  Edmund (D:5)
  2 orc warriors (D:7)
  A phantom (D:6)
  A black bear (D:7)
  2 ice beasts
  6 ogres
  4 centaurs
  2 bullfrogs
  A gnoll sergeant (D:7)
  2 scorpions (D:4)
  6 crimson imps
  A centaur zombie (D:7)
  A jelly (D:5)
  3 orc priests (D:7)
  7 orc wizards
  2 centaur skeletons
  5 hounds
  Crazy Yiuf (D:5)
  2 bullfrog skeletons
  5 iguanas
  Ijyb (D:5)
  4 worker ants
  A killer bee zombie (D:6)
  5 gnolls (D:7)
  A howler monkey zombie (D:5)
  12 adders
  A howler monkey skeleton (D:7)
  2 shadow imps
  2 oozes (D:3)
  An adder zombie (D:7)
  2 adder skeletons (D:4)
  4 worms
  3 dart slugs
  2 leopard geckos (D:5)
  30 orcs
  2 ball pythons
  3 giant cockroaches
  A goblin (D:1)
  10 hobgoblins
  12 jackals
  3 quokkas
  8 bats
  2 frilled lizards
  7 kobolds
  A leopard gecko zombie (D:5)
  2 quokka skeletons (D:5)
  8 rats
  2 fungi (D:5)
196 creatures vanquished.

Vanquished Creatures (collateral kills)
  An orc wizard (D:5)
1 creature vanquished.

Grand Total: 197 creatures vanquished

Notes
Turn   | Place    | Note
-------+----------+-------------------------------------------
     0 | D:1      | kae the Draconian Transmuter began the quest for the Orb.
     0 | D:1      | Reached XP level 1. HP: 16/16 MP: 3/3
   209 | D:1      | Reached XP level 2. HP: 18/23 MP: 5/5
   685 | D:1      | Learned a level 2 spell: Sticks to Snakes
   759 | D:1      | Found an ornate altar of the Wu Jian Council.
  1096 | D:1      | Became a worshipper of the Wu Jian Council
  1266 | D:2      | Reached XP level 3. HP: 26/28 MP: 4/6
  1710 | D:2      | Reached skill level 4 in Unarmed Combat
  1982 | D:2      | Found a sparkling altar of Nemelex Xobeh.
  1997 | D:2      | Reached XP level 4. HP: 31/35 MP: 7/7
  2122 | D:2      | You fall into a shaft and drop 1 floor!
  2354 | D:3      | Learned a level 3 spell: Spider Form
  2414 | D:3      | Reached * piety under Wu Jian
  2834 | D:3      | Reached XP level 5. HP: 34/40 MP: 6/9
  3493 | D:3      | Reached skill level 5 in Unarmed Combat
  3836 | D:4      | Reached XP level 6. HP: 47/47 MP: 2/10
  4052 | D:4      | Reached ** piety under Wu Jian
  4230 | D:4      | HP: 1/47 [ogre/+0 giant club (22)]
  4231 | D:4      | Reached skill level 6 in Unarmed Combat
  4291 | D:4      | Noticed a hippogriff
  4678 | D:4      | Your scales start taking on a fiery red colour.
  4678 | D:4      | Reached XP level 7. HP: 32/52 MP: 9/11
  4678 | D:4      | Gained mutation: Your flesh is heat resistant. (rF+) [Red
                  | Draconian growth]
  4815 | D:4      | Killed a hippogriff
  4815 | D:4      | Reached skill level 7 in Unarmed Combat
  4826 | D:4      | HP: 1/52 [hound (4)]
  5151 | D:4      | Found a large runed translucent door.
  5151 | D:4      | Found a large runed translucent door.
  5260 | D:4      | Reached skill level 5 in Transmutations
  5474 | D:4      | Noticed bmj180's ghost (novice DrCj)
  5848 | D:4      | Killed bmj180's ghost
  5848 | D:4      | Reached skill level 8 in Unarmed Combat
  5848 | D:4      | Reached XP level 8. HP: 33/59 MP: 8/12
  5873 | D:4      | Got a pair of warped gloves
  5884 | D:4      | Identified the +2 pair of gloves of Virtue {rF+ rCorr Str+8
                  | Stlth-} (You found it on level 4 of the Dungeon)
  6003 | D:5      | Entered Level 5 of the Dungeon
  6014 | D:5      | Noticed Ijyb
  6019 | D:5      | Killed Ijyb
  6055 | D:5      | Noticed Edmund
  6083 | D:5      | Killed Edmund
  6209 | D:5      | Found a bloodstained altar of Trog.
  6216 | D:5      | Reached skill level 9 in Unarmed Combat
  6234 | D:5      | Found a stormy altar of Qazlal.
  7079 | D:5      | Found a shimmering blue altar of Sif Muna.
  7140 | D:5      | Found a snail-covered altar of Cheibriados.
  7141 | D:5      | Found a shattered altar of Ashenzari.
  7202 | D:5      | Found a runed translucent door.
  7203 | D:5      | Noticed Crazy Yiuf
  7213 | D:5      | Killed Crazy Yiuf
  7361 | D:6      | Reached XP level 9. HP: 62/64 MP: 13/13
  7671 | D:6      | Reached skill level 1 in Evocations
  7806 | D:6      | Reached skill level 10 in Unarmed Combat
  7924 | D:7      | Noticed Maggie
  7945 | D:7      | Killed Maggie
  8287 | D:7      | Reached *** piety under Wu Jian
  8305 | D:7      | Noticed a brown ugly thing
  8392 | D:7      | Noticed Joseph
  8827 | D:7      | Killed Joseph
  8827 | D:7      | Reached skill level 11 in Unarmed Combat
  8911 | D:7      | Reached XP level 10. HP: 71/71 MP: 16/16
  9745 | D:7      | Found a staircase to the Ecumenical Temple.
  9750 | D:7      | Found an opulent altar of Gozag.
  9831 | D:7      | Noticed a green ugly thing
  9849 | D:7      | Noticed a red ugly thing
 10142 | D:7      | Noticed Menkaure
 10156 | D:7      | Killed Menkaure
 10628 | D:7      | Slain by a cyan ugly thing

Levels and vault maps discovered:
D:1:      psy_arrival_radial02, layout_loops_corners, kennysheep_flooded_box
D:2:      layout_loops_corners, lemuel_zombie_altar_yredelemnul,
          lemuel_coloured_pillars_altar, nemelex_xobeh_ov_fountains_minmay
D:3:      layout_loops_corners, grunt_ministairs_11, minmay_misc_feat_x
D:4:      layout_basic, first_ration, ebering_ghost_disaster_area
D:5:      layout_cave_pools, tgw_sif, overflow_temple_1_default, minitemple,
          grunt_ministairs_15, minmay_fountain_box, uniq_edmund,
          uniq_crazy_yiuf_cottage, uniq_ijyb
D:6:      layout_basic, chequers_arboretum
D:7:      minmay_the_grid_octo_triangle [minmay_the_grid_octo_thin_diamonds,
          minmay_the_grid_octo_prize_square_snowflake,
          minmay_the_grid_octo_odd_swirl], layout_loops_ring,
          grunt_gozag_statues, temple_green, nrook_pool_corridor,
          grunt_ogre_cave, uniq_maggie, uniq_joseph, uniq_menkaure

Skill      XL: |  1  2  3  4  5  6  7  8  9 10 |
---------------+-------------------------------+-----
Unarmed Combat | 4 5 6 8 9 11 | 11.8
Transmutations | 3 4 5 6 7 8 |  8.5
Spellcasting   | 3 4 |  4.0
Evocations     | 3 4 |  4.0
Fighting       | |  1.1
Dodging        | |  1.7

Action                   |  1- 3 |  4- 6 |  7- 9 | 10-12 || total
-------------------------+-------+-------+-------+-------++-------
Melee: Unarmed           |   142 |   217 |   254 |   157 ||   770
       Tailslap          |    10 |    17 |    45 |    23 ||    95
       Kick              |     4 |     4 |     8 |       ||    16
       Headbutt          |     4 |     2 |     9 |     3 ||    18
       Punch             |     3 |     2 |     5 |    13 ||    23
 Cast: Beastly Appendage |    16 |    15 |    12 |     3 ||    46
       Sticks to Snakes  |       |     6 |     2 |       ||     8
       Spider Form       |       |     8 |     3 |     1 ||    12
Invok: Lunge             |     2 |    11 |    10 |    10 ||    33
       Whirlwind         |       |     6 |     9 |    11 ||    26
       Serpent's Lash    |       |       |     2 |     1 ||     3
 Abil: Breathe Fire      |       |       |    12 |     5 ||    17
       Wall Jump         |       |       |     2 |     3 ||     5
  Use: Scroll            |       |     8 |    10 |     3 ||    21
       Potion            |       |     2 |     3 |     1 ||     6
 Stab: Sleeping          |       |     3 |       |       ||     3
       Fleeing           |       |       |       |     1 ||     1
  Eat: Chunk             |     4 |     9 |    18 |     6 ||    37
Armor: Skin              |    41 |    47 |    90 |    39 ||   217
Dodge: Dodged            |    82 |   141 |   145 |    84 ||   452

Table legend:
 A = Non-vault XP
 B = Vault XP
 C = Vault XP percentage of total XP
 D = Non-vault monster count
 E = Vault monster count
 F = Vault count percentage of total count
                 A         B        C        D         E       F
            +---------+---------+-------+---------+---------+-------
      Total |    4515 |    2804 |  38.3 |     173 |      22 |  11.3
            +---------+---------+-------+---------+---------+-------
        D:1 |      32 |       0 |   0.0 |      18 |       0 |   0.0
        D:2 |      84 |       0 |   0.0 |      24 |       0 |   0.0
        D:3 |     267 |       3 |   1.1 |      34 |       2 |   5.6
        D:4 |     919 |     421 |  31.4 |      19 |       1 |   5.0
        D:5 |     691 |     277 |  28.6 |      20 |       6 |  23.1
        D:6 |     602 |       0 |   0.0 |      10 |       0 |   0.0
        D:7 |    1920 |    2103 |  52.3 |      48 |      13 |  21.3
            +---------+---------+-------+---------+---------+-------
